 Dungeon Crawl Stone Soup version 0.23.2-40-g277498a (webtiles) character file.

Game seed: 645891576227509806

462 zhovat1 the Sneak (level 6, -1/28 HPs)
             Began as a Spriggan Enchanter on Aug 14, 2019.
             Slain by Duvessa
             ... wielding a +3 rapier of electrocution
              (2 damage)
             ... on level 5 of the Dungeon.
             The game lasted 00:05:49 (4115 turns).

zhovat1 the Sneak (Spriggan Enchanter)              Turns: 4115, Time: 00:05:49

Health: -1/28      AC:  3    Str:  4    XL:     6   Next: 79%
Magic:  9/13       EV: 18    Int: 16    God:
Gold:   150        SH:  0    Dex: 19    Spells: 7/13 levels left

rFire    . . .     SeeInvis +   a - +1 dagger
rCold    . . .     Gourm    .   (shield restricted)
rNeg     . . .     Faith    .   b - +1 robe
rPois    .         Spirit   .   (helmet restricted)
rElec    .         Reflect  .   p - scarf {repulsion}
rCorr    .         Harm     .   (gloves unavailable)
MR       +....                  (boots unavailable)
Stlth    ++++......             g - amulet of magic regeneration
HPRegen  0.09/turn              (no ring)
MPRegen  0.38/turn              (no ring)

@: about to teleport, very slightly contaminated, studying Polearms, repel
missiles, very quick
A: very small, unfitting armour, see invisible, herbivore, speed 3, slow
metabolism 2
a: no special abilities


You were on level 5 of the Dungeon.
You were very hungry.

You visited 1 branch of the dungeon, and saw 5 of its levels.

You collected 150 gold pieces.

Inventory:

Hand Weapons
 a - a +1 dagger (weapon)
Armour
 b - a +1 robe (worn)
 p - a scarf of repulsion (worn)
Jewellery
 g - an amulet of magic regeneration (around neck)
Wands
 k - a wand of clouds (7)
Scrolls
 h - a scroll of fog {unknown}
 j - a scroll of magic mapping
 m - a scroll of identify
Potions
 c - 3 potions of agility
 f - 2 potions of heal wounds
 i - 2 potions of might
 l - 2 potions of haste
 q - a potion of curing {unknown}
 r - a potion of degeneration {unknown}
Books
 n - a manual of Polearms
Comestibles
 d - 7 rations


   Skills:
 * Level 4.5 Short Blades
 - Level 3.0 Dodging
 * Level 7.7 Stealth
 + Level 4.4 Spellcasting
 + Level 5.0 Hexes


You had 7 spell levels left.
You knew the following spells:

 Your Spells              Type           Power        Failure   Level  Hunger
a - Corona                Hex            ###....      1%          1    None
b - Ensorcelled Hibernat  Hex/Ice        ##....       9%          2    ##.....
c - Confuse               Hex            ###.....     6%          3    ###....

Your spell library contained the following spells:

 Spells                   Type           Power        Failure   Level  Hunger
 Tukima's Dance           Hex            ###.....     6%          3    ###....
 Dazzling Spray           Conj/Hex       ##....       17%         3    ###....


Dungeon Overview and Level Annotations

Branches:
Dungeon (5/15)
 Temple: D:4-7

Altars:
Ru

Shops:
D:5 }

Annotations:
D:5 Dowan, Duvessa


Innate Abilities, Weirdness & Mutations

You are very small and have problems with some larger weapons.
You are too small for most types of armour.
You have supernaturally acute eyesight. (SInv)
You are a herbivore.
You cover ground extremely quickly.
You need to consume almost no food.


Message History

Casting: Ensorcelled Hibernation (safe; 9% risk of failure)
Confirm with . or Enter, or press ? or * to list all spells.
Aiming: Ensorcelled Hibernation (safe; 9% risk of failure)
Press: ? - help, Shift-Dir - straight line, f/p - Duvessa
Aim: Duvessa, wielding a +3 rapier of electrocution and wearing a +0 scale mail (fast, chance to defeat MR: 26%)
You miscast Ensorcelled Hibernation.
Nothing appears to happen.
Duvessa says, "Practise, practise, practise!
One day you'll be as good as me."
Duvessa hits you with a +3 rapier of electrocution! x2
* * * LOW HITPOINT WARNING * * *
You feel much better.
Duvessa hits you with a +3 rapier of electrocution!
You are electrocuted!!
Ouch! That really hurt!
* * * LOW HITPOINT WARNING * * *
As you read the scroll of teleportation, it crumbles to dust.
You feel strangely unstable.
A crimson imp comes into view.
Dowan misses you.
Duvessa hits you with a +3 rapier of electrocution.
You die...

................#...
......#.................#...
...... .................#...
#.... #.##.##....##...####.
##....##.##.##....##...####.
............................
.........!..................
..........e.................
..........e@.............##.
##.......................##.
#..5............8.8.8....#.
.......)..........⌠.⌠.....#.
#######+####.....8.∩.8....#.
#......⌠.⌠....##.
......8.8.8...##.
.......+...^....
.......#........


You could see Duvessa, Dowan (invisible) and a crimson imp (wandering).

Vanquished Creatures
  A hungry ghost (D:5)
  A scorpion (D:4)
  A howler monkey (D:4)
  A crimson imp (D:5)
  A hound (D:4)
  A worker ant (D:5)
  A gnoll (D:1)
  9 adders
  A shadow imp (D:5)
  An ooze (D:1)
  A leopard gecko (D:3)
  2 orcs (D:3)
  A bat (D:3)
  2 giant cockroaches
  11 hobgoblins
  2 quokkas
  2 ball pythons
  2 frilled lizards
  12 goblins
  8 kobolds
  9 rats
70 creatures vanquished.

Notes
Turn   | Place    | Note
-------+----------+-------------------------------------------
     0 | D:1      | zhovat1 the Spriggan Enchanter began the quest for the Orb.
     0 | D:1      | Reached XP level 1. HP: 9/9 MP: 5/5
   456 | D:1      | Reached XP level 2. HP: 13/13 MP: 6/6
   460 | D:1      | Learned a level 2 spell: Ensorcelled Hibernation
   746 | D:1      | Reached skill level 5 in Stealth
   840 | D:1      | Reached XP level 3. HP: 16/16 MP: 6/8
  1275 | D:2      | Found a sacrificial altar of Ru.
  1978 | D:2      | Reached XP level 4. HP: 21/21 MP: 0/9
  2741 | D:3      | Reached skill level 6 in Stealth
  3175 | D:4      | Learned a level 3 spell: Confuse
  3181 | D:4      | Reached XP level 5. HP: 24/24 MP: 11/11
  3866 | D:5      | Entered Level 5 of the Dungeon
  3888 | D:5      | Found Vyorroill's Gadget Boutique.
  3896 | D:5      | Reached skill level 7 in Stealth
  3896 | D:5      | Reached XP level 6. HP: 28/28 MP: 13/13
  3932 | D:5      | Noticed a hungry ghost
  3935 | D:5      | Killed a hungry ghost
  3935 | D:5      | Reached skill level 5 in Hexes
  4099 | D:5      | Noticed Dowan
  4101 | D:5      | Noticed Duvessa
  4114 | D:5      | HP: 1/28 [Duvessa/+3 rapier of electrocution (18)]
  4115 | D:5      | Slain by Duvessa

Skill      XL: |  1  2  3  4  5  6 |
---------------+-------------------+-----
Stealth        | 5 6 7 |  7.7
Short Blades   | 2 3 4 |  4.5
Spellcasting   | 3 4 |  4.4
Hexes          | 4 5 |  5.0
Dodging        | |  3.0

Action                   |  1- 3 |  4- 6 || total
-------------------------+-------+-------++-------
Melee: Dagger            |    84 |    76 ||   160
 Cast: Corona            |     3 |       ||     3
       Ensorcelled Hiber |    20 |    17 ||    37
       Confuse           |       |     3 ||     3
  Use: Potion            |     2 |     1 ||     3
       Scroll            |       |     8 ||     8
 Stab: Sleeping          |    21 |    23 ||    44
       Distracted        |     2 |       ||     2
       Confused          |       |     2 ||     2
  Eat: Ration            |       |     1 ||     1
Armor: Robe              |     4 |     3 ||     7
Dodge: Dodged            |    71 |    66 ||   137
